 Dungeon Crawl Stone Soup version 0.28-a0-909-g796cbd3a86 (webtiles) character file.

Game seed: 10969281650828635837

20050 Shadowsilk the Brawler (level 12, -16/99 (115) HPs)
             Began as a Troll Monk on Nov 22, 2021.
             Was the Champion of Elyvilon.
             Demolished by Rupert (19 damage)
             ... on level 3 of the Lair of Beasts on Nov 25, 2021.
             The game lasted 01:07:51 (10065 turns).

Shadowsilk the Brawler (Troll Monk)                Turns: 10065, Time: 01:07:51

HP:   -16/99 (115)  AC:  9    Str: 23 (25) XL:     12   Next: 41%
MP:   12/12         EV: 15    Int:  7      God:    Elyvilon [******]
Gold: 733           SH:  0    Dex:  8 (13) Spells: 11/11 levels left

rFire   + . .      SeeInvis +     - Unarmed
rCold   + . .      Faith    .   (no shield)
rNeg    + . .      Spirit   .   a - +3 troll leather armour "Geama" {rPois Regen+ Int+3}
rPois   +          Reflect  .   (helmet restricted)
rElec   .          Harm     .   n - scarf {+Inv}
rCorr   .          Rampage  .   (gloves unavailable)
Will    .....                   (boots unavailable)
Stlth   +.........              (no amulet)
HPRegen 2.26/turn               m - ring "Iqishrewk" {*Slow rPois rC+ rN+ SInv}
MPRegen 0.13/turn               o - +4 ring of evasion

@: about to teleport, heavily drained
A: large, unfitting armour, claws 3, regeneration 1, shaggy fur 1, tough skin 1,
deterioration 1, dopey 1, fire resistance 1, high mp 1
a: Renounce Religion, Evoke Invisibility, Purification, Heal Other, Heal Self,
Divine Vigour


You were on level 3 of the Lair of Beasts.
You worshipped Elyvilon.
Elyvilon was exalted by your worship.
You visited 3 branches of the dungeon, and saw 15 of its levels.

You collected 733 gold pieces.

Inventory:

Missiles
 p - 102 poisoned darts (quivered)
 v - 11 javelins
 E - a throwing net
Armour
 a - the +3 troll leather armour "Geama" (worn) {rPois Regen+ Int+3}
   (You acquired it on level 6 of the Dungeon)

   Int:       It affects your intelligence (+3).
   rPois:     It protects you from poison.
   Regen:     It increases your rate of health regeneration.
 f - the +1 robe of the Beginning {Contam Regen+ Str+2}
   (You found it on level 4 of the Dungeon)

   Str:       It affects your strength (+2).
   Contam:    It causes magical contamination when unequipped.
   Regen:     It increases your rate of health regeneration.
 n - a scarf of invisibility (worn)
Jewellery
 e - a ring of protection from cold
 k - a ring of magical power
 m - the ring "Iqishrewk" (left claw) {*Slow rPois rC+ rN+ SInv}
   (You found it on level 4 of the Dungeon)

   [ring of poison resistance]

   rC:        It protects you from cold.
   rPois:     It protects you from poison.
   rN:        It protects you from negative energy.
   SInv:      It lets you see invisible.
   *Slow:     It may slow you when you take damage.
 o - a +4 ring of evasion (right claw)
 z - a ring of fire
Wands
 g - a wand of acid (19)
 h - a wand of paralysis (19)
 q - a wand of polymorph (9)
 t - a wand of iceblast (16)
Scrolls
 b - a scroll of fear
 i - 3 scrolls of enchant weapon
 j - 3 scrolls of teleportation
 l - 4 scrolls of enchant armour
 s - 3 scrolls of immolation
 x - a scroll of blinking
 y - a scroll of fog
 B - 3 scrolls of amnesia
 C - a scroll of magic mapping
 D - a scroll of noise
 F - a scroll of holy word
Potions
 c - 3 potions of curing
 d - a potion of flight
 u - a potion of degeneration
 w - a potion of attraction {unknown}
 A - a potion of invisibility {unknown}
 I - 2 potions of brilliance
Miscellaneous
 G - a phial of floods


   Skills:
 * Level 6.6 Fighting
 + Level 0.3 Throwing
 * Level 3.5 Armour
 * Level 8.3 Dodging
 + Level 2.4 Stealth
 * Level 16.1 Unarmed Combat
 + Level 0.3 Evocations


You had 11 spell levels left.
You didn't know any spells.
Your spell library contained the following spells:

 Spells                   Type           Power      Damage    Failure   Level
 Animate Skeleton         Necr           0%         N/A       47%         1
 Beastly Appendage        Tmut           0%         N/A       47%         1
 Magic Dart               Conj           0%         1d3       47%         1
 Pain                     Necr           0%         1d4       47%         1
 Call Imp                 Summ           0%         N/A       63%         2
 Static Discharge         Conj/Air       0%         N/A       63%         2
 Wereblood                Tmut           0%         N/A       63%         2
 Inner Flame              Hex/Fire       0%         N/A       85%         3
 Mephitic Cloud           Conj/Pois/Air  0%         N/A       85%         3
 Spider Form              Tmut/Pois      0%         N/A       85%         3
 Cause Fear               Hex            0%         N/A       99%         4
 Olgreb's Toxic Radiance  Pois           0%         N/A       99%         4
 Petrify                  Tmut/Erth      0%         N/A       99%         4
 Lightning Bolt           Conj/Air       0%         1d11      100%        5
 Metabolic Englaciation   Hex/Ice        0%         N/A       100%        5
 Statue Form              Tmut/Erth      0%         N/A       100%        6
 Ozocubu's Refrigeration  Ice            0%         4d5       100%        7
 Discord                  Hex            0%         N/A       100%        8
 Ignition                 Fire           0%         3d3       100%        8
 Maxwell's Capacitive Co  Air            0%         ∞         100%        8


Dungeon Overview and Level Annotations

Branches:
Dungeon (11/15)            Temple (1/1) D:4            Lair (3/6) D:11
  Swamp: Lair:2-4    Shoals: Lair:2-4     Snake: Lair:2-4    Spider: Lair:2-4
    Orc: D:9-12

Altars:
Ashenzari
Cheibriados
Dithmenos
Elyvilon
Fedhas
Gozag
Hepliaklqana
Kikubaaqudgha
Makhleb
Nemelex Xobeh
Okawaru
Qazlal
Ru
Sif Muna
Trog
Uskayaw
Vehumet
Wu Jian
Xom
Yredelemnul
Zin
The Shining One

Shops:
D:2 [   D:3 [

Annotations:
Lair:2 Gastronok
Lair:3 Rupert


Innate Abilities, Weirdness & Mutations

You are too large for most types of armour.
You have claws for hands.
Your natural rate of healing is unusually fast.
You are covered in fur. (AC +1)
You have tough skin. (AC +1)
Your body sometimes deteriorates upon taking damage.
You are dopey. (Int -2)
Your flesh is heat resistant. (rF+)
You have an increased reservoir of magic. (+10% MP)


Message History

Rupert is lightly wounded.
Rupert barely misses you.
You scratch Rupert.
Rupert is lightly wounded.
Rupert hits you with a +2 great sword of draining!
Your body deteriorates!
You feel weakened. You partially resist.
You feel drained.
You claw Rupert!
Rupert is moderately wounded.
You closely miss Rupert.
Rupert is moderately wounded.
Rupert misses you.
You mangle Rupert!!
Rupert is heavily wounded.
Rupert roars madly and goes into a rage!
Rupert goes berserk!
You scratch Rupert.
Rupert is heavily wounded.
Rupert hits you with a +2 great sword of draining!!!
You partially resist.
You feel drained.
You mangle Rupert!!
Rupert is severely wounded.
Rupert hits you with a +2 great sword of draining!!
* * * LOW HITPOINT WARNING * * *
You partially resist.
You feel drained.
* * * LOW HITPOINT WARNING * * *
You don't know any spells.
You don't know any spells.
Aiming: Paralyse
Press: ? - help, Shift-Dir - straight line, f - Rupert
Aim: Rupert, wielding a +2 great sword of draining and wearing a +0 leather armour (severely wounded, berserk, chance to affect: 1%) Rupert resists with almost no effort.
Rupert hits you with a +2 great sword of draining!!
* * * LOW HITPOINT WARNING * * *
You partially resist.
You feel drained. Elyvilon protects you from harm!
As you read the scroll of teleportation, it crumbles to dust.
You feel strangely unstable.
Rupert hits you with a +2 great sword of draining!!
You die...

#..# ...##. .......
........... .F.....
........... .......
............ .......
............. ##.....#
............. #######......#.
.............###.##P##.......[
.P.............@@.............
#..._.^........††............P
.......#......†...#..#####../.
.......P.P##......#### ...
#........+.........# .
...................#
.......P...........#
#......#......'...##
#......#.##..#....##


You could see Rupert (berserk).

Vanquished Creatures
  A catoblepas (Lair:1)
  The ghost of bgiannan the Fighter, a novice HOFi of the Shining One (D:8)
  2 two-headed ogres (D:10)
  Urug (Lair:3)
  4 skeletal warriors (D:10)
  Joseph (D:7)
  2 black mambas (Lair:1)
  2 centaur zombies (D:10)
  4 cane toads
  2 komodo dragons
  A polar bear (Lair:2)
  2 trolls (D:10)
  Grinder (D:4)
  A hornet (D:10)
  3 blink frogs (Lair:3)
  A shadow (D:11)
  26 yaks
  A wraith (D:11)
  5 wyverns
  Eustachio (D:4)
  2 acid dragons
  The ghost of kwasso the Covered, an amateur GrFi (D:4)
  6 water moccasins
  2 black bears
  A hornet zombie (D:6)
  4 orc warriors
  2 ice beasts
  An ogre (D:7)
  A necrophage (D:7)
  5 centaurs
  2 kobold brigands
  12 bullfrogs
  A wyvern zombie (D:8)
  A scorpion (D:5)
  A gnoll sergeant (D:9)
  A wyvern skeleton (D:7)
  3 water moccasin skeletons
  4 killer bees (D:10)
  2 electric eels (D:9)
  3 howler monkeys
  3 centaur skeletons
  A hound (D:6)
  2 jellies
  3 gnoll shamans
  5 orc priests
  Jessica (D:2)
  A bullfrog skeleton (D:6)
  Terence (D:2)
  3 iguanas
  7 orc wizards
  4 hell rats (Lair:3)
  A killer bee zombie (D:7)
  Robin (D:3)
  A howler monkey zombie (D:9)
  18 gnolls
  9 adders
  2 shadow imps
  A howler monkey simulacrum (D:9)
  A white imp (D:9)
  An ufetubus (D:5)
  3 worms
  A dart slug (D:4)
  28 orcs
  10 ball pythons
  2 endoplasms
  4 giant cockroaches
  19 goblins
  17 hobgoblins
  5 quokkas
  12 bats
  3 frilled lizards
  9 kobolds
  4 rats
300 creatures vanquished.

Vanquished Creatures (others)
  14 fungi
  18 plants
32 creatures vanquished.

Grand Total: 332 creatures vanquished

Notes
Turn   | Place    | Note
-------+----------+-------------------------------------------
     0 | D:1      | Shadowsilk the Troll Monk began the quest for the Orb.
     0 | D:1      | Reached XP level 1. HP: 22/22 MP: 0/0
   130 | D:1      | Reached XP level 2. HP: 29/29 MP: 1/1
   242 | D:1      | Found a faded altar of an unknown god.
   297 | D:1      | Prayed at the altar of an unknown god.
   297 | D:1      | Became a worshipper of Elyvilon the Healer
   297 | D:1      | Reached * piety under Elyvilon
   297 | D:1      | Reached ** piety under Elyvilon
   339 | D:1      | Reached XP level 3. HP: 36/36 MP: 2/2
   503 | D:2      | Found a blossoming altar of Fedhas.
   528 | D:2      | Reached *** piety under Elyvilon
   693 | D:2      | Noticed Jessica
   703 | D:2      | Killed Jessica
   704 | D:2      | Reached skill level 4 in Unarmed Combat
   704 | D:2      | Reached XP level 4. HP: 36/44 MP: 3/3
   795 | D:2      | Found Keckob's Antique Armour Shoppe.
   796 | D:2      | Noticed Terence
   803 | D:2      | Killed Terence
  1187 | D:3      | Noticed Robin
  1208 | D:3      | Killed Robin
  1209 | D:3      | Reached XP level 5. HP: 46/52 MP: 4/4
  1368 | D:3      | Found a blossoming altar of Fedhas.
  1394 | D:3      | Reached skill level 5 in Unarmed Combat
  1513 | D:3      | Gained mutation: You are dopey. (Int -2) [potion of
                  | mutation]
  1565 | D:3      | Noticed a torpor snail
  1567 | D:3      | Found a snail-covered altar of Cheibriados.
  1567 | D:3      | Noticed a torpor snail
  1571 | D:3      | Noticed a torpor snail
  1680 | D:3      | Reached **** piety under Elyvilon
  1992 | D:3      | Found Ileih's Armour Shop.
  2488 | D:4      | Lost mutation: You are dopey. (Int -2) [potion of mutation]
  2488 | D:4      | Gained mutation: You have a pair of small horns on your
                  | head. [potion of mutation]
  2488 | D:4      | Gained mutation: You possess an exceptional clarity of
                  | mind. [potion of mutation]
  2489 | D:4      | Lost mutation: You have a pair of small horns on your head.
                  | [potion of mutation]
  2489 | D:4      | Lost mutation: You possess an exceptional clarity of mind.
                  | [potion of mutation]
  2489 | D:4      | Gained mutation: Your flesh is heat resistant. (rF+)
                  | [potion of mutation]
  2489 | D:4      | Gained mutation: You are dopey. (Int -2) [potion of
                  | mutation]
  2489 | D:4      | Gained mutation: You have an increased reservoir of magic.
                  | (+10% MP) [potion of mutation]
  2539 | D:4      | Identified the +1 robe of the Beginning {Contam Regen+
                  | Str+2}
  2543 | D:4      | Found a transporter.
  2566 | D:4      | Noticed Grinder
  2589 | D:4      | Reached XP level 6. HP: 29/61 MP: 5/5
  2625 | D:4      | Killed Grinder
  2626 | D:4      | Reached skill level 6 in Unarmed Combat
  2752 | D:4      | Noticed kwasso's ghost (amateur GrFi)
  2756 | D:4      | Found a transporter.
  2772 | D:4      | Noticed Eustachio
  2776 | D:4      | Reached XP level 7. HP: 67/67 MP: 6/6
  2808 | D:4      | Killed Eustachio
  2838 | D:4      | Identified the ring "Iqishrewk" {*Slow rPois rC+ rN+ SInv}
  2865 | D:4      | Reached skill level 7 in Unarmed Combat
  2881 | D:4      | Killed kwasso's ghost
  2917 | D:4      | Upgraded the game from 0.28-a0-893-g5e322aebe8 to
                  | 0.28-a0-909-g796cbd3a86
  2926 | D:4      | Found a hide-covered altar of Uskayaw.
  2957 | D:4      | Found a sparkling altar of Nemelex Xobeh.
  3163 | D:4      | Found a staircase to the Ecumenical Temple.
  3181 | Temple   | Entered the Ecumenical Temple
  3343 | D:5      | Entered Level 5 of the Dungeon
  3362 | D:5      | Reached XP level 8. HP: 78/78 MP: 7/7
  3396 | D:5      | Reached skill level 8 in Unarmed Combat
  3798 | D:5      | Reached ***** piety under Elyvilon
  3805 | D:5      | Reached skill level 9 in Unarmed Combat
  4029 | D:6      | Found a shadowy altar of Dithmenos.
  4384 | D:6      | Reached skill level 5 in Dodging
  4515 | D:6      | Identified a scroll of acquirement
  4518 | D:6      | Acquired the +3 troll leather armour "Geama" {rPois Regen+
                  | Int+3}
  4533 | D:6      | Gained mutation: Your body sometimes deteriorates upon
                  | taking damage. [mutagenic glow]
  4776 | D:7      | Reached XP level 9. HP: 84/84 MP: 8/8
  4786 | D:7      | Reached skill level 10 in Unarmed Combat
  4863 | D:7      | Found a stormy altar of Qazlal.
  4934 | D:7      | Found a shimmering blue altar of Sif Muna.
  4949 | D:7      | Got Sif Muna's Disquisition on Sinister Rites
  4955 | D:7      | Found a bloodstained altar of Trog.
  5041 | D:7      | Found an opulent altar of Gozag.
  5222 | D:7      | Found a flagged portal.
  5340 | D:7      | Found an ancient bone altar of Kikubaaqudgha.
  5450 | D:7      | Noticed Joseph
  5465 | D:7      | Killed Joseph
  5466 | D:7      | Reached skill level 11 in Unarmed Combat
  5788 | D:8      | Found a runed translucent gate.
  5788 | D:8      | Found a runed translucent gate.
  5788 | D:8      | Found a runed translucent gate.
  5789 | D:8      | Found an opulent altar of Gozag.
  5795 | D:8      | Reached ****** piety under Elyvilon
  5797 | D:8      | Noticed bgiannan's ghost (novice HOFi)
  5887 | D:8      | Killed bgiannan's ghost
  5888 | D:8      | Reached XP level 10. HP: 84/94 MP: 10/10
  6235 | D:8      | Found a white marble altar of Elyvilon.
  6286 | D:8      | Reached skill level 12 in Unarmed Combat
  6310 | D:8      | Reached skill level 5 in Fighting
  6443 | D:8      | Found a basalt altar of Yredelemnul.
  7201 | D:10     | Entered Level 10 of the Dungeon
  7279 | D:10     | Reached skill level 13 in Unarmed Combat
  7311 | D:10     | Noticed a two-headed ogre
  7336 | D:10     | Killed a two-headed ogre
  7367 | D:10     | Noticed a skeletal warrior
  7438 | D:10     | Reached XP level 11. HP: 76/104 MP: 11/11
  7444 | D:10     | Reached skill level 14 in Unarmed Combat
  7478 | D:10     | Killed a skeletal warrior
  7637 | D:10     | Identified the +7 whip of the Median {vorpal, *Noise rF+
                  | Dex+9}
  7758 | D:10     | Noticed a skeletal warrior
  7759 | D:10     | Noticed a skeletal warrior
  7759 | D:10     | Noticed a skeletal warrior
  7812 | D:10     | Killed a skeletal warrior
  7846 | D:10     | Killed a skeletal warrior
  7940 | D:10     | Killed a skeletal warrior
  8118 | D:10     | Noticed a two-headed ogre
  8145 | D:10     | Killed a two-headed ogre
  8294 | D:11     | Found a staircase to the Lair.
  8330 | D:11     | Reached skill level 15 in Unarmed Combat
  8432 | Lair:1   | Entered Level 1 of the Lair of Beasts
  8577 | Lair:1   | You fall into a shaft and drop 1 floor!
  8577 | Lair:2   | Noticed Gastronok
  8637 | Lair:2   | Noticed a seven-headed hydra
  8638 | Lair:2   | Elyvilon protects you from harm!
  8853 | Lair:1   | Reached skill level 1 in Armour
  8959 | Lair:1   | Reached XP level 12. HP: 75/115 MP: 12/12
  9340 | Lair:2   | Noticed a catoblepas
  9589 | Lair:1   | Killed a catoblepas
  9683 | Lair:3   | Noticed Urug
  9696 | Lair:3   | Found a shimmering blue altar of Sif Muna.
  9704 | Lair:3   | Noticed Rupert
  9712 | Lair:3   | Paralysed by Rupert for 4 turns
  9724 | Lair:3   | Elyvilon protects you from harm!
  9725 | Lair:3   | Elyvilon protects you from harm!
  9837 | Lair:3   | Killed Urug
  9853 | Lair:3   | Reached skill level 16 in Unarmed Combat
 10064 | Lair:3   | HP: 1/102 [Rupert (29)]
 10064 | Lair:3   | Elyvilon protects you from harm!
 10065 | Lair:3   | Demolished by Rupert

Illustrated notes

Levels and vault maps discovered:
D:1:      minmay_arrival_up_and_down, layout_rooms,
          ebering_ecumenical_altar_ruins
D:2:      layout_basic, basic_altar, serial_shops, shop, uniq_jessica,
          uniq_terence
D:3:      layout_loops_corners, nicolae_overflow_crystal_walls,
          cheibriados_altar_2, serial_rivers, chequers_serial_rivers_room_a,
          chequers_serial_rivers_small_a, chequers_serial_rivers_micro_c,
          chequers_serial_rivers_small_b, chequers_serial_rivers_large_b,
          serial_shops, nicolae_shop_crystal, kennysheep_donut, uniq_robin
D:4:      layout_cave_pools, nemelex_diamond_rough_becter, old_standard_altar,
          minmay_temple_entry_fiery, gammafunk_ghost_arena,
          nicolae_figureground_sparkle, uniq_grinder, uniq_eustachio
D:5:      cheibrodos_iron_armory, layout_loops_ring
D:6:      layout_basic, nicolae_dithmenos_through_a_glass_darkly
D:7:      layout_basic, nzn_overflow_gifts_of_might_and_magic, kennysheep_mini,
          nicolae_gozag_seed_capital, kiku_gazebo_pond_becter, enter_bailey_5,
          minmay_misc_feat_plants, minivault_19, kennysheep_small_circle,
          uniq_joseph
D:8:      layout_basic, kennysheep_ying_yang, ebering_ghost_gozag,
          roderic_batcave
D:9:      layout_roguey, serial_ice, serial_ice_h, serial_ice_f, serial_ice_k,
          serial_ice_a
D:10:     layout_irregular_city, serial_glass, glass_columns_a, glass_columns_c,
          glass_columns_c, glass_columns_b
D:11:     layout_roguey, lair_entry_dummy, minmay_misc_feat_secret_circle,
          hangedman_abyss_or_decor_passed
Temple:   jpeg_temple_alley_garden
Lair:1:   layout_long_grid, lemuel_fruit_fields, infiniplex_staircase_pool_2
Lair:2:   minmay_lair_oklob_chamber, layout_misc_corridors, beast_lair_carwin_2,
          uniq_gastronok
Lair:3:   layout_chaotic_city, ebering_ghost_inner_flame, basic_altar,
          uniq_rupert, uniq_urug

Skill      XL: |  1  2  3  4  5  6  7  8  9 10 11 12 |
---------------+-------------------------------------+-----
Dodging        | 3 4 5 6 7 8 |  8.3
Unarmed Combat | 4 5 6 7 9 11 13 15 16 | 16.1
Fighting       | 3 4 5 6 |  6.6
Stealth        | 2 |  2.4
Armour         | 1 3 |  3.5
Throwing       | |  0.3
Evocations     | |  0.3

Action                   |  1- 3 |  4- 6 |  7- 9 | 10-12 || total
-------------------------+-------+-------+-------+-------++-------
Melee: Unarmed           |   105 |   158 |   269 |   559 ||  1091
       Punch             |     1 |     1 |    12 |    47 ||    61
Throw: Dart              |       |       |     1 |     3 ||     4
Evoke: Wand              |       |       |     4 |     1 ||     5
  Use: Scroll            |       |    11 |     5 |     7 ||    23
       Potion            |       |     5 |     1 |     5 ||    11
 Stab: Sleeping          |     2 |     1 |     2 |       ||     5
       Paralysed         |       |       |     4 |       ||     4
       Petrified         |       |       |       |     3 ||     3
Armor: Robe              |    74 |    42 |    33 |       ||   149
       Troll leather arm |       |       |    25 |   134 ||   159
Dodge: Dodged            |    86 |    90 |   191 |   414 ||   781

Table legend: (Time is in decaauts)
 A = Elapsed time spent in this place.
 B = Non-inter-level travel time spent in this place.
 C = Inter-level travel time spent in this place.
 D = Time resting spent in this place.
 E = Time spent auto-exploring this place.
 F = Levels seen in this place.
 G = Mean time per level.
                   A        B        C        D        E       F      G
               +--------+--------+--------+--------+--------+-----+--------+
         Total |   9898 |   9619 |    279 |    140 |   5272 |  15 |  659.9 |
       Dungeon |   8211 |   7982 |    229 |     31 |   4740 |  11 |  746.5 |
        Temple |    126 |    126 |      0 |      0 |     24 |   1 |  126.0 |
          Lair |   1560 |   1510 |     50 |    109 |    508 |   3 |  520.0 |
               +--------+--------+--------+--------+--------+-----+--------+

Top non-repeatable levels by time:
     D:3: 1265 daAuts
  Lair:1: 1005 daAuts
    D:10: 998 daAuts
     D:7: 984 daAuts
     D:4: 789 daAuts
     D:8: 782 daAuts
     D:6: 750 daAuts
     D:2: 747 daAuts
     D:5: 659 daAuts
     D:9: 618 daAuts
     D:1: 414 daAuts
  Lair:3: 357 daAuts
    D:11: 200 daAuts
  Lair:2: 197 daAuts
  Temple: 126 daAuts
